 Dungeon Crawl Stone Soup version 0.26-a0-664-gc8b27b8fc1 (webtiles) character file.

Game seed: 9657262026057840735

1810 PentaManta the Covert (level 8, 0/37 HPs)
             Began as a Spriggan Brigand on Oct 13, 2020.
             Was a Priest of Okawaru.
             Splashed by a jelly's acid (10 damage)
             ... on level 7 of the Dungeon.
             The game lasted 00:26:13 (10307 turns).

PentaManta the Covert (Spriggan Brigand)           Turns: 10307, Time: 00:26:15

Health: 0/37       AC: -1    Str:  7    XL:     8   Next: 84%
Magic:  9/9        EV: 25    Int: 13    God:    Okawaru [***...]
Gold:   351        SH:  9    Dex: 19    Spells: 7/7 levels left

rFire    + . .     SeeInvis +   a - +3 dagger
rCold    + + .     Faith    .   E - +2 buckler {rC+ rF+}
rNeg     . . .     Spirit   .   b - +0 robe
rPois    .         Reflect  .   (helmet restricted)
rElec    .         Harm     .   c - +0 cloak
rCorr    .         Rampage  .   (gloves unavailable)
MR       +....                  (boots unavailable)
Stlth    +++++.....             D - amulet of regeneration
HPRegen  0.52/turn              (no ring)
MPRegen  0.11/turn              i - ring of protection from cold

@: corroded, very quick
A: very small, unfitting armour, see invisible, speed 3
a: Heroism, Renounce Religion


You were on level 7 of the Dungeon.
You worshipped Okawaru.
Okawaru was most pleased with you.
You visited 2 branches of the dungeon, and saw 8 of its levels.
You also visited: Sewer.

You collected 351 gold pieces.

Inventory:

Hand Weapons
 a - a +3 dagger (weapon)
 k - a +0 hunting sling
Missiles
 d - 9 poisoned darts (quivered)
 e - 2 curare-tipped darts
 p - 168 stones
Armour
 b - a +0 robe (worn)
 c - a +0 cloak (worn)
 E - a +2 buckler of resistance (worn)
Jewellery
 g - an uncursed amulet of the acrobat
 i - a ring of protection from cold (right hand)
 D - an amulet of regeneration (around neck)
Wands
 r - a wand of acid (17)
 z - a wand of enslavement (15)
 A - a wand of polymorph (7)
Scrolls
 f - 7 scrolls of teleportation
 h - 3 scrolls of enchant weapon
 m - 3 scrolls of fog
 q - 6 scrolls of remove curse
 s - 2 scrolls of identify
 v - 2 scrolls of blinking
 x - 3 scrolls of magic mapping
 y - 3 scrolls of enchant armour {unknown}
 B - a scroll of amnesia
Potions
 j - 3 potions of mutation {unknown}
 l - 3 potions of lignification
 n - 4 potions of brilliance
 o - a potion of might
 t - 2 potions of magic {unknown}
 u - 5 potions of heal wounds {unknown}
 w - 2 potions of curing


   Skills:
 - Level 1.5 Fighting
 + Level 7.3 Short Blades
 - Level 2.0 Throwing
 + Level 9.3 Dodging
 - Level 10.3 Stealth
 * Level 2.9 Shields


You had 7 spell levels left.
You didn't know any spells.
Your spell library was empty.

Dungeon Overview and Level Annotations

Branches:
Dungeon (7/15)             Temple (1/1) D:6           Sewer (visited)

Altars:
Ashenzari
Cheibriados
Dithmenos
Elyvilon
Fedhas
Gozag
Hepliaklqana
Kikubaaqudgha
Makhleb
Nemelex Xobeh
Okawaru
Qazlal
Ru
Sif Muna
Trog
Uskayaw
Vehumet
Wu Jian
Xom
Yredelemnul
Zin
The Shining One

Annotations:
D:7 1 runed translucent door


Innate Abilities, Weirdness & Mutations

You are very small and have problems with some larger weapons.
You are too small for most types of armour.
You have supernaturally acute eyesight. (SInv)
You cover ground extremely quickly.


Message History

The jelly is poisoned.
The jelly is moderately wounded.
Throwing (i - inventory. (/) - cycle)
d - 10 poisoned darts (quivered)
Press: ? - help, Shift-Dir - straight line, f/p - jelly
Aim: a jelly (moderately wounded, poisoned)
You throw a poisoned dart. The poisoned dart hits the jelly.
The jelly looks even sicker.
The jelly is moderately wounded.
You hit the jelly but do no damage.
Your hands burn!
The jelly is moderately wounded.
You hit the jelly but do no damage.
Your hands burn!
The jelly is heavily wounded.
The jelly misses you.
You hit the jelly but do no damage.
Your hands burn!
* * * LOW HITPOINT WARNING * * *
The jelly is heavily wounded.
The jelly hits you.
* * * LOW HITPOINT WARNING * * *
You are splashed with acid!
You die...

##### ###...#### ##
#........####.
#.............
#####......#....#.
#.........##.....#
#.###.######....##
#.# #.######.#.## #@#
#........#.# #J#
##########.# #(######
##.## ####(.....#
##...##
#.......#.#####.....#
#.......# #..........
#....................
#....########........
#...#. #.......


You could see a jelly (very poisoned).

Vanquished Creatures
  4 ice beasts
  An orc warrior (D:6)
  2 black bears
  2 bullfrogs (Sewer)
  2 scorpions
  5 wights (D:7)
  A howler monkey (D:5)
  A hound (D:5)
  A jelly (D:6)
  3 orc wizards
  A centaur skeleton (D:4)
  An orc priest (D:4)
  Natasha (thrice) (D:2)
  An iguana (D:7)
  4 worker ants
  2 gnolls (D:2)
  6 river rats (Sewer)
  10 adders
  A white imp (D:3)
  2 oozes
  2 worms
  3 leopard geckos
  13 orcs
  9 bats
  A giant cockroach (D:1)
  14 goblins
  A hobgoblin (D:2)
  7 kobolds
  5 quokkas
  10 ball pythons
  A ball python zombie (D:5)
  10 frilled lizards
  A leopard gecko skeleton (D:5)
  30 rats
160 creatures vanquished.

Vanquished Creatures (others)
  29 plants (D:2)
29 creatures vanquished.

Grand Total: 189 creatures vanquished

Notes
Turn   | Place    | Note
-------+----------+-------------------------------------------
     0 | D:1      | PentaManta the Spriggan Brigand began the quest for the
                  | Orb.
     0 | D:1      | Reached XP level 1. HP: 10/10 MP: 2/2
    70 | D:1      | Reached skill level 6 in Stealth
   552 | D:1      | Reached XP level 2. HP: 11/14 MP: 3/3
  1428 | D:2      | Reached XP level 3. HP: 17/18 MP: 4/4
  1537 | D:2      | Found a blossoming altar of Fedhas.
  1955 | D:2      | Reached XP level 4. HP: 22/22 MP: 5/5
  2021 | D:2      | Found an iron altar of Okawaru.
  2022 | D:2      | Noticed Natasha
  2062 | D:2      | Killed Natasha
  2062 | D:2      | Reached skill level 7 in Stealth
  2072 | D:2      | Became a worshipper of Warmaster Okawaru
  2196 | D:2      | Noticed Natasha
  2227 | D:2      | Killed Natasha
  2363 | D:2      | Noticed Natasha
  2385 | D:2      | Killed Natasha
  2385 | D:2      | Reached XP level 5. HP: 15/25 MP: 6/6
  3140 | D:3      | Noticed an ice beast
  3605 | D:5      | Entered Level 5 of the Dungeon
  3916 | D:5      | Found a transporter.
  3953 | D:5      | Reached skill level 5 in Dodging
  3953 | D:5      | Reached skill level 8 in Stealth
  3994 | D:5      | Reached XP level 6. HP: 25/30 MP: 7/7
  4019 | D:5      | Found a glowing drain.
  4041 | Sewer    | Entered a sewer
  4858 | Sewer    | Reached * piety under Okawaru
  5345 | Sewer    | Reached skill level 5 in Short Blades
  5357 | Sewer    | Reached skill level 9 in Stealth
  5357 | Sewer    | Reached XP level 7. HP: 27/33 MP: 8/8
  5860 | D:5      | Found a transporter.
  6150 | D:5      | Reached ** piety under Okawaru
  6170 | D:5      | Reached skill level 10 in Stealth
  6877 | D:3      | Reached XP level 8. HP: 36/37 MP: 9/9
  7456 | D:2      | Found a blossoming altar of Fedhas.
  7670 | D:2      | Found an iron altar of Okawaru.
  8571 | D:6      | Found a staircase to the Ecumenical Temple.
  8844 | Temple   | Entered the Ecumenical Temple
  9051 | D:6      | Reached skill level 1 in Shields
  9536 | D:7      | Found a white marble altar of Elyvilon.
  9536 | D:7      | Found a runed translucent door.
  9536 | D:7      | Noticed an angel
 10180 | D:7      | Reached *** piety under Okawaru
 10307 | D:7      | Splashed by a jelly's acid

Illustrated notes

Levels and vault maps discovered:
D:1:      kennysheep_arrival_seaside, layout_loops_cross, chequers_garden
D:2:      wad_woods_tower, layout_basic, kennysheep_okawaru_gauntlet,
          corner_web_ring, fedhas_altar_1, uniq_natasha
D:3:      layout_basic, minivault_26
D:4:      layout_loops_ring
D:5:      gammafunk_cloud_chamber, layout_basic, portal_sewer_entry_b
D:6:      layout_rooms, minmay_temple_entry_wispy
D:7:      kennysheep_windowed_halls, layout_loops_corners, minivault_11,
          lemuel_angel_altar
Temple:   dpeg_three_leaves_temple

Skill      XL: |  1  2  3  4  5  6  7  8 |
---------------+-------------------------+-----
Stealth        | 6 7 8 9 10 | 10.3
Dodging        | 2 3 4 5 6 7 9 |  9.3
Short Blades   | 3 4 5 6 7 |  7.3
Shields        | 2 |  2.9
Fighting       | |  1.5
Throwing       | |  2.0

Action                   |  1- 3 |  4- 6 |  7- 9 || total
-------------------------+-------+-------+-------++-------
Melee: Dagger            |   129 |   340 |   438 ||   907
Throw: Dart              |       |    38 |    25 ||    63
       Stone             |       |     2 |     1 ||     3
Invok: Heroism           |       |       |     1 ||     1
Evoke: Wand              |       |       |     3 ||     3
  Use: Scroll            |     8 |     6 |     3 ||    17
       Potion            |       |     3 |     2 ||     5
 Stab: Sleeping          |    11 |     8 |    11 ||    30
       Distracted        |     1 |       |       ||     1
Armor: Robe              |    10 |    21 |    16 ||    47
Dodge: Dodged            |    98 |   336 |   224 ||   658
Block: Buckler           |       |       |    45 ||    45

Table legend: (Time is in decaauts)
 A = Elapsed time spent in this place.
 B = Non-inter-level travel time spent in this place.
 C = Inter-level travel time spent in this place.
 D = Time resting spent in this place.
 E = Time spent auto-exploring this place.
 F = Levels seen in this place.
 G = Mean time per level.
                   A        B        C        D        E       F      G
               +--------+--------+--------+--------+--------+-----+--------+
         Total |   8135 |   7852 |    283 |   2724 |   3041 |   9 |  903.9 |
       Dungeon |   6803 |   6529 |    274 |   2063 |   2935 |   7 |  971.9 |
        Temple |     49 |     41 |      8 |      0 |     39 |   1 |   49.0 |
         Sewer |   1282 |   1282 |      0 |    661 |     67 |   1 | 1282.0 |
               +--------+--------+--------+--------+--------+-----+--------+

Top non-repeatable levels by time:
     D:2: 1432 daAuts
   Sewer: 1282 daAuts
     D:5: 1164 daAuts
     D:1: 1127 daAuts
     D:6: 902 daAuts
     D:3: 869 daAuts
     D:7: 677 daAuts
     D:4: 630 daAuts
  Temple: 49 daAuts
